 Dungeon Crawl Stone Soup version 0.30-a0-924-g0ad0bf95bc (webtiles) character file.

Game seed: 11056145346289598619

21880 lunkers the Bludgeoner (level 13, -2/114 HPs)
             Began as a Meteoran Reaver on Mar 22, 2023.
             Was the Champion of Jiyva.
             Succumbed to a death drake's dark miasma
             ... in a Gauntlet.
             The game lasted 00:24:31 (5587 turns).

lunkers the Bludgeoner (Meteoran Reaver)            Turns: 5587, Time: 00:24:31

Health: -2/114     AC: 19    Str: 33    XL:     13   Next: 54%
Magic:  18/18      EV: 18    Int: 11    God:    Jiyva [******]
Gold:   403        SH:  4    Dex: 18    Spells: 16/17 levels left

rFire   + . .      SeeInvis .    a - +7 mace of Eptok {vamp, rElec}
rCold   + . .      Faith    .    t - +0 buckler
rNeg    + . .      Spirit   .    o - +2 scale mail {rF+}
rPois   .          Reflect  .    (helmet restricted)
rElec   +          Rampage  .    w - +1 cloak of Hoyn {-Cast rN+ Str+7}
rCorr   +          NoTele   +    k - +0 pair of gloves
Will    +....      NoCast   +    (no boots) Stlth
                                 (no amulet)
HPRegen 2.79/turn                (no ring)
MPRegen 0.66/turn                (no ring)

@: lethally poisoned (-2 -> -8), calling ooze, slowed, glowing, studying Armour,
very slow
A: sense surroundings 3, otherworldly, glowing, explore regen, antennae 1, agile
2, regeneration 1, shaggy fur 3, strong 2, gelatinous body 1, tendrils, jelly
sensing items
a: Renounce Religion, Oozemancy, Slimify


You were in a Gauntlet.
You worshipped Jiyva.
Jiyva was exalted by your worship.
You visited 2 branches of the dungeon, and saw 16 of its levels.
You also visited: Gauntlet.

You collected 403 gold pieces.

Inventory:

Hand Weapons
 a - the +7 mace of Eptok (weapon) {vamp, rElec}
   (You found it in a Gauntlet)

   rElec:     It insulates you from electricity.
 b - a +1 morningstar of protection
 m - a +2 whip of venom
 q - a -2 demon whip of venom
 y - a +3 heavy flail
Missiles
 p - 4 throwing nets
Armour
 j - a +0 ring mail
 k - a +0 pair of gloves (worn)
 o - a +2 scale mail of fire resistance (worn)
 t - a +0 buckler (worn)
 w - the +1 cloak of Hoyn (worn) {-Cast rN+ Str+7}
   (You found it in a Gauntlet)

   Str:       It affects your strength (+7).
   rN:        It protects you from negative energy.
   -Cast:     It prevents spellcasting.
Wands
 f - a wand of flame (16)
 u - a wand of roots (1)
Scrolls
 r - a scroll of teleportation
Potions
 c - 2 potions of curing
 d - 3 potions of brilliance
 e - a potion of ambrosia
 g - a potion of attraction
 h - a potion of invisibility {unknown}
 i - a potion of flight {unknown}
 l - 2 potions of might
 s - a potion of magic {unknown}
 v - a potion of mutation {unknown}
 x - a potion of heal wounds {unknown}
Miscellaneous
 n - a condenser vane (inert)


   Skills:
 + Level 10.7 Fighting
 - Level 16.0 Maces & Flails
 + Level 12.3 Armour
 + Level 11.7 Dodging
 - Level 2.6 Spellcasting
 - Level 3.6 Conjurations
 + Level 7.0 Evocations


You had 16 spell levels left.
You knew the following spells:

 Your Spells              Type           Power      Damage    Failure   Level
p - Kiss of Death         Conj/Necr      20%        2d7       30%         1

Your spell library contained the following spells:

 Spells                   Type           Power      Damage    Failure   Level
 Foxfire                  Conj/Fire      20%        2x1d5     30%         1
 Momentum Strike          Conj/Tloc      10%        3d8       41%         2
 Static Discharge         Conj/Air       10%        2-3/arc   41%         2
 Apportation              Tloc           2%         N/A       52%         1
 Necrotise                Necr           4%         1d4       52%         1
 Summon Small Mammal      Summ           4%         N/A       52%         1
 Dazzling Flash           Conj/Hex       10%        N/A       65%         3
 Hailstorm                Conj/Ice       5%         3d4       65%         3
 Ensorcelled Hibernation  Hex/Ice        2%         N/A       67%         2
 Lesser Beckoning         Tloc           2%         N/A       67%         2
 Passwall                 Tmut/Erth      0%         N/A       67%         2
 Gell's Gravitas          Tloc           1%         N/A       88%         3
 Swiftness                Air            1%         N/A       88%         3
 Teleport Other           Tloc           1%         N/A       88%         3
 Vhi's Electric Charge    Tloc/Air       2%         N/A       88%         3
 Iskenderun's Mystic Bla  Conj/Tloc      5%         2d3       96%         4
 Arcjolt                  Conj/Air       2%         1d12      100%        5
 Fireball                 Conj/Fire      2%         3d4       100%        5
 Plasma Beam              Fire/Air       0%         2x1d11    100%        5
 Starburst                Conj/Fire      2%         6d3       100%        6


Dungeon Overview and Level Annotations

Branches:
Dungeon (11/15) Zot: 2113  Temple (0/1) D:4            Lair (5/5) D:11 Zot: 2241
 Spider (0/4) Lair:2      Gauntlet (1/1) Zot: 323
  Swamp: Lair:2-3    Shoals: Lair:2-3     Slime: Lair:4-5       Orc: D:9-12

Altars:
Dithmenos
Fedhas
Kikubaaqudgha
Makhleb
Nemelex Xobeh
Sif Muna
Trog
Xom
Zin
The Shining One
Jiyva

Shops:
D:5 !   D:9 *

Annotations:
D:10 2 transporters, LobsterGuardian's ghost, novice FeNe
D:11 1 runed translucent door, gebbletook2's ghost, journeyman VSFi Gauntlet 2 runed translucent doors, 9 transporters


Innate Abilities, Weirdness & Mutations

You passively map a large area around you.
You are easily found by Zot.
You glow in the dark.
You regain HP and MP as you explore.
You have a pair of small antennae on your head.
You are very agile. (Dex +8, Str/Int -2)
Your natural rate of healing is unusually fast.
Your thick and shaggy fur keeps you warm. (AC +3, rC+)
Your muscles are very strong. (Str +8, Int/Dex -2)
Your rubbery body absorbs attacks. (AC +1, EV +1)
You are covered in slimy tendrils that may disarm your opponents.
You have a small jelly attached to you that senses nearby items.


Message History

You feel as though you will be slow longer.
* * * LOW HITPOINT WARNING * * *
The walls burn the centaur warrior zombie!
The centaur warrior zombie barely misses you.
The centaur warrior zombie completely misses you.
The walls burn the spectral redback!
The walls burn the death drake!
The death drake breathes miasma at you. The foul vapour misses you.
You thump the centaur warrior zombie!
The centaur warrior zombie is almost destroyed.
You are engulfed in dark miasma.
You are more poisoned.
You feel as though you will be slow longer.
* * * LOW HITPOINT WARNING * * *
* * * LOW HITPOINT WARNING * * *
You feel extremely sick.
The walls burn the centaur warrior zombie!
You destroy the centaur warrior zombie!
The walls burn the centaur warrior zombie!
The walls burn the spectral redback!
The walls burn the death drake!
You block the death drake's attack.
Your life force feels restored.
You sock the death drake!
The death drake is heavily wounded.
* * * LOW HITPOINT WARNING * * *
You feel extremely sick.
The walls burn the spectral redback!
You destroy the spectral redback!
The walls burn the death drake!
The death drake breathes miasma at you.
The foul vapour engulfs you but does no damage.
The walls burn the centaur warrior zombie!
The walls burn the death drake!
The death drake bites you but does no damage.
Your Evocations skill increases to level 7!
You feel better.
You are engulfed in dark miasma.
You are poisoned.
You feel as though you will be slow longer.
* * * LOW HITPOINT WARNING * * *
You die...

...†≈≈.≈.#..#Y###..)#..#...#.
,
..≈≈..≈..#..#Y#.###!#.8#.©.#
*
≈≈≈.≈≈.≈≈#..#Y#.....#..#...#
*
....≈....#..#########..#...#,
##########..#..........##..#
** *
...J.....#..#########.§###.#
, .........#..#...Z..k#.§§#
##***
..##§##..#..#..#k#.!#..##
..§###≈..#..#..#@#.J#..≈#
..## ##..#.©#..#©#.©#..##
..≈# #≈..#..#..#.#..#..§#
..## ##..####..#.#.[#.§##
..≈# #≈.....#.......#.§§#
.### ###....#########..## ≈#
#≈#............§≈# ##
###≈#..§§.......##
###≈#≈#≈#§#≈#§#


You could see a death drake and a centaur warrior zombie.

Vanquished Creatures
  Harold (Lair:2)
  A boulder beetle (D:11)
  A catoblepas (Lair:4)
  A hydra (Lair:4)
  A two-headed ogre (D:9)
  2 skysharks
  A sixfirhy (Gauntlet)
  Amaemon (Lair:2)
  A lindwurm (Lair:4)
  2 ugly things (Gauntlet)
  A centaur zombie (Gauntlet)
  2 black mambas
  4 elephants (Lair:4)
  An orange demon (Lair:2)
  A spectral redback (Gauntlet)
  2 cane toads
  2 rime drakes
  2 kobold demonologists (D:9)
  3 komodo dragons
  A spectral harpy (Gauntlet)
  A troll (D:10)
  A polar bear (Lair:3)
  Grinder (D:4)
  4 wyverns
  A basilisk (Lair:5)
  A shadow (D:10)
  25 yaks
  A human (D:10)
  A steam dragon (D:8)
  2 hogs (D:10)
  5 water moccasins
  2 acid dragons
  8 ice beasts
  2 orc warriors
  A sky beast (D:8)
  A black bear (D:4)
  2 ogres
  2 wolves (D:11)
  3 centaurs
  A phantom (D:6)
  2 kobold brigands (D:9)
  3 bullfrogs
  A gnoll sergeant (D:9)
  4 scorpions (D:5)
  3 wights (D:8)
  9 killer bees
  2 howler monkeys
  An electric eel (Lair:1)
  2 hounds (D:6)
  3 gnoll boudas
  An orc priest (D:8)
  3 sleepcaps
  3 iguanas (D:6)
  4 orc wizards
  19 gnolls
  6 adders
  4 ufetubi
  2 worms (D:2)
  2 dart slugs
  23 orcs
  3 endoplasms (D:1)
  A giant cockroach (D:4)
  4 goblins
  4 hobgoblins
  7 kobolds
  2 quokkas
  A ball python (D:3)
  2 frilled lizards (D:2)
  A rat (D:1)
218 creatures vanquished.

Vanquished Creatures (collateral kills)
  A two-headed ogre (D:11)
1 creature vanquished.

Vanquished Creatures (others)
  A glowing orange brain (Gauntlet)
  A water moccasin (Lair:1)
  A bullfrog (D:9)
  6 killer bees
  19 jellies
  2 howler monkeys (D:7)
  Terence (D:3)
  2 orc wizards
  A gnoll (D:2)
  A worm (D:2)
  6 orcs
  A goblin (D:3)
  A hobgoblin (D:4)
  A ball python (D:2)
  8 fungi
  30 plants
  A withered plant (Lair:5)
83 creatures vanquished.

Grand Total: 302 creatures vanquished

Notes
Turn   | Place    | Note
-------+----------+-------------------------------------------
     0 | D:1      | lunkers the Meteoran Reaver began the quest for the Orb.
     0 | D:1      | Reached XP level 1. HP: 17/17 MP: 5/5
    39 | D:1      | Reached XP level 2. HP: 18/24 MP: 6/6
   195 | D:2      | Reached skill level 5 in Maces & Flails
   249 | D:2      | Reached XP level 3. HP: 19/29 MP: 8/8
   281 | D:2      | Found a faded altar of an unknown god.
   287 | D:2      | Prayed at the altar of an unknown god.
   287 | D:2      | Became a worshipper of Jiyva Jesais the Shapeless
   287 | D:2      | Reached * piety under Jiyva
   356 | D:2      | Found a burning altar of Makhleb.
   391 | D:2      | Reached skill level 6 in Maces & Flails
   391 | D:2      | Reached XP level 4. HP: 26/36 MP: 9/9
   561 | D:3      | Reached XP level 5. HP: 41/41 MP: 10/10
   563 | D:3      | Reached ** piety under Jiyva
   613 | D:3      | Found a bloodstained altar of Trog.
   658 | D:3      | Killed Terence
   671 | D:3      | Reached skill level 7 in Maces & Flails
   755 | D:4      | Noticed a black bear
   761 | D:4      | Killed a black bear
   762 | D:4      | Reached skill level 8 in Maces & Flails
   762 | D:4      | Reached XP level 6. HP: 17/48 MP: 11/11
   773 | D:4      | Noticed Grinder
   787 | D:4      | Killed Grinder
   788 | D:4      | Reached skill level 9 in Maces & Flails
   788 | D:4      | Reached XP level 7. HP: 53/55 MP: 12/12
   909 | D:4      | Found a glowing golden altar of the Shining One.
   917 | D:4      | Reached skill level 10 in Maces & Flails
   963 | D:4      | Found a staircase to the Ecumenical Temple.
  1146 | D:4      | Found a shadowy altar of Dithmenos.
  1187 | D:5      | Entered Level 5 of the Dungeon
  1217 | D:5      | Reached *** piety under Jiyva
  1217 | D:5      | Gained mutation: You have a small jelly attached to you
                  | that may absorb projectiles. [Jiyva's grace]
  1217 | D:5      | Gained mutation: You have a small jelly attached to you
                  | that senses nearby items. [Jiyva's grace]
  1217 | D:5      | Gained mutation: Your rubbery body absorbs attacks. (AC +1,
                  | EV +1) [Jiyva's grace]
  1217 | D:5      | Gained mutation: Your pliable body absorbs attacks. (AC +2,
                  | EV +2) [Jiyva's grace]
  1217 | D:5      | Found a blossoming altar of Fedhas.
  1291 | D:5      | Found a sparkling altar of Nemelex Xobeh.
  1291 | D:5      | Found an ancient bone altar of Kikubaaqudgha.
  1371 | D:5      | Reached XP level 8. HP: 61/61 MP: 13/13
  1387 | D:5      | Reached skill level 11 in Maces & Flails
  1484 | D:5      | Found Messines's Distillery.
  1509 | D:5      | Reached skill level 12 in Maces & Flails
  2015 | D:6      | Reached **** piety under Jiyva
  2028 | D:6      | Reached skill level 13 in Maces & Flails
  2031 | D:6      | Gained mutation: You passively map the area around you.
                  | [Meteoran growth]
  2031 | D:6      | Reached XP level 9. HP: 60/67 MP: 14/14
  2218 | D:7      | You fall into a shaft and drop 3 floors!
  2218 | D:10     | Entered Level 10 of the Dungeon
  2248 | D:9      | Reached skill level 14 in Maces & Flails
  2253 | D:9      | Reached skill level 1 in Armour
  2285 | D:9      | Noticed a komodo dragon
  2294 | D:9      | Killed a komodo dragon
  2373 | D:9      | Noticed a two-headed ogre
  2388 | D:9      | Killed a two-headed ogre
  2389 | D:9      | Reached skill level 5 in Fighting
  2389 | D:9      | Reached skill level 5 in Armour
  2389 | D:9      | Reached skill level 5 in Dodging
  2389 | D:9      | Reached XP level 10. HP: 32/81 MP: 12/15
  2607 | D:9      | Noticed a kobold demonologist
  2613 | D:9      | Noticed an ice devil
  2618 | D:9      | Killed a kobold demonologist
  2619 | D:9      | Reached XP level 11. HP: 70/92 MP: 16/16
  2653 | D:9      | Found Eask's Eclectic Emporium.
  3049 | D:8      | Reached ***** piety under Jiyva
  3077 | D:8      | Gained mutation: You are agile. (Dex +4, Str/Int -1)
                  | [Jiyva's grace]
  3077 | D:8      | Gained mutation: You are very agile. (Dex +8, Str/Int -2)
                  | [Jiyva's grace]
  3077 | D:8      | Gained mutation: You have hidden genetic potential.
                  | [Jiyva's grace]
  3077 | D:8      | Gained mutation: You have great hidden genetic potential.
                  | [Jiyva's grace]
  3593 | D:7      | Found a glowing silver altar of Zin.
  3776 | D:7      | Identified the +6 quarterstaff "Kuxefet" {vamp, *Slow
                  | +Blink rN++ Will+}
  4085 | D:10     | Upgraded the game from 0.30-a0-920-g7493c07aab to
                  | 0.30-a0-924-g0ad0bf95bc
  4173 | D:10     | Found a transporter.
  4174 | D:10     | Found a transporter.
  4174 | D:10     | Identified the +1 giant spiked club "Ympyboc" {heavy, rPois
                  | Will+ Dex+2}
  4174 | D:10     | Noticed a two-headed ogre
  4174 | D:10     | Noticed LobsterGuardian's ghost (novice FeNe)
  4178 | D:10     | Noticed a two-headed ogre
  4178 | D:10     | Noticed a two-headed ogre
  4250 | D:11     | Lost mutation: Your pliable body absorbs attacks. (AC +2,
                  | EV +2) [Jiyva's grace]
  4250 | D:11     | Lost mutation: You have a small jelly attached to you that
                  | may absorb projectiles. [Jiyva's grace]
  4250 | D:11     | Gained mutation: You are covered in slimy tendrils that may
                  | disarm your opponents. [Jiyva's grace]
  4250 | D:11     | Gained mutation: You are resistant to electric shocks.
                  | (rElec) [Jiyva's grace]
  4250 | D:11     | Gained mutation: Your muscles are strong. (Str +4, Int/Dex
                  | -1) [Jiyva's grace]
  4250 | D:11     | Gained mutation: Your muscles are very strong. (Str +8,
                  | Int/Dex -2) [Jiyva's grace]
  4354 | D:11     | Reached skill level 15 in Maces & Flails
  4394 | D:11     | Reached skill level 1 in Evocations
  4395 | D:11     | Noticed a two-headed ogre
  4404 | D:11     | Killed a two-headed ogre
  4405 | D:11     | Reached XP level 12. HP: 88/103 MP: 17/17
  4411 | D:11     | Reached ****** piety under Jiyva
  4415 | D:11     | Found a staircase to the Lair.
  4430 | D:11     | Noticed a boulder beetle
  4451 | D:11     | Killed a boulder beetle
  4453 | D:11     | Found a runed translucent door.
  4453 | D:11     | Found a shimmering altar of Xom.
  4453 | D:11     | Noticed a +1 mace of chaos
  4453 | D:11     | Noticed gebbletook2's ghost (journeyman VSFi)
  4463 | D:11     | Gained mutation: You passively map a large area around you.
                  | [hidden potential]
  4480 | Lair:1   | Entered Level 1 of the Lair of Beasts
  4688 | Lair:2   | Noticed Harold
  4698 | Lair:2   | Killed Harold
  4699 | Lair:2   | Reached skill level 10 in Dodging
  4707 | Lair:2   | Noticed Amaemon
  4719 | Lair:2   | Killed Amaemon
  4743 | Lair:2   | Reached skill level 16 in Maces & Flails
  4799 | Lair:2   | Found a shimmering blue altar of Sif Muna.
  4860 | Lair:4   | Noticed a skyshark
  4870 | Lair:4   | Killed a skyshark
  4871 | Lair:4   | Reached skill level 10 in Armour
  5023 | Lair:4   | Reached skill level 5 in Evocations
  5033 | Lair:4   | Found a glowing silver altar of Zin.
  5086 | Lair:4   | Reached XP level 13. HP: 113/113 MP: 18/18
  5090 | Lair:4   | Noticed a catoblepas
  5093 | Lair:4   | Noticed a four-headed hydra
  5099 | Lair:4   | Killed a catoblepas
  5129 | Lair:4   | Reached skill level 10 in Fighting
  5133 | Lair:4   | Killed a four-headed hydra
  5154 | Lair:4   | Gained mutation: Your natural rate of healing is unusually
                  | fast. [hidden potential]
  5154 | Lair:4   | Lost mutation: You have great hidden genetic potential.
                  | [hidden potential expressed]
  5212 | Lair:5   | Entered Level 5 of the Lair of Beasts
  5212 | Lair:5   | Lost mutation: You are resistant to electric shocks.
                  | (rElec) [Jiyva's grace]
  5212 | Lair:5   | Lost mutation: You have hidden genetic potential. [Jiyva's
                  | grace]
  5212 | Lair:5   | Gained mutation: You are covered in fur. (AC +1) [Jiyva's
                  | grace]
  5212 | Lair:5   | Gained mutation: You are covered in thick fur. (AC +2)
                  | [Jiyva's grace]
  5212 | Lair:5   | Gained mutation: Your thick and shaggy fur keeps you warm.
                  | (AC +3, rC+) [Jiyva's grace]
  5212 | Lair:5   | Gained mutation: You have a pair of small antennae on your
                  | head. [Jiyva's grace]
  5243 | Lair:5   | HP: 3/113 [skyshark (4)]
  5259 | Lair:5   | Found a gate leading to a gauntlet.
  5298 | Gauntlet | Entered a Gauntlet
  5298 | Gauntlet | Found a runed translucent door.
  5298 | Gauntlet | Found a transporter.
  5298 | Gauntlet | Found a runed translucent door.
  5298 | Gauntlet | Found a transporter.
  5299 | Gauntlet | Noticed a death scarab
  5301 | Gauntlet | Found a transporter.
  5301 | Gauntlet | Found a transporter.
  5304 | Gauntlet | Found a transporter.
  5317 | Gauntlet | Found a transporter.
  5329 | Gauntlet | Found a transporter.
  5347 | Gauntlet | Found a transporter.
  5349 | Gauntlet | Found a transporter.
  5349 | Gauntlet | Found a transporter.
  5351 | Gauntlet | Noticed a death yak
  5351 | Gauntlet | Noticed a death yak
  5351 | Gauntlet | Noticed a death yak
  5362 | Gauntlet | Found a transporter.
  5376 | Gauntlet | Found a transporter.
  5382 | Gauntlet | Noticed a death yak
  5389 | Gauntlet | Found a transporter.
  5397 | Gauntlet | Noticed a catoblepas
  5401 | Gauntlet | Found a transporter.
  5498 | Gauntlet | Identified the +7 mace of Eptok {vamp, rElec}
  5552 | Gauntlet | Identified the +1 cloak of Hoyn {-Cast rN+ Str+7}
  5587 | Gauntlet | HP: 2/114 [death drake] (16)]
  5587 | Gauntlet | Succumbed to a death drake's dark miasma

Illustrated notes

Levels and vault maps discovered:
D:1:      dpeg_arrival_chambers_temple_mockup, layout_basic, serial_shops, shop,
          minivault_11, minmay_shallow_snake_nest
D:2:      layout_basic, shapermc_ecumenical_altar_venn, basic_altar
D:3:      layout_basic, mainiacjoe_overflow_catwalk, uniq_terence
D:4:      layout_layer_cave, mainiacjoe_overflow_surrounded_room,
          grunt_dithmenos_smoke_and_mirrors, temple_pool_b, uniq_grinder
D:5:      layout_gridville, overflow_temple_1_default,
          gammafunk_temple_overflow_pools, kennysheep_diamond
D:6:      layout_loops_corners, wad_rectangle_vault
D:7:      layout_basic, mainiacjoe_overflow_tiny_flanked, tgw_sif
D:8:      layout_loops_cross
D:9:      layout_small_grid, chequers_temple_overflow_minitemple,
          nicolae_alphabet_shops
D:10:     layout_basic, gammafunk_ghost_smash, grunt_livestock
D:11:     layout_irregular_city, hellmonk_lair_entry_icy, david_orc_2,
          portal_ice_cave_entry_pillars_1, ebering_ghost_xom
Lair:1:   layout_gridlike, uniq_erica, uniq_grum
Lair:2:   layout_gridlike, swamp_mist, spider_nest_entry_funnel_web,
          basic_altar, cheibrodos_lair_caveside_slide, uniq_amaemon,
          uniq_harold, uniq_maggie
Lair:3:   layout_cellular_growth, infiniplex_staircase_pool, lemuel_fruit_tree
Lair:4:   layout_layer_cave, basic_altar, chequers_serial_rivers_small_b,
          serial_bayou_lagoon_a
Lair:5:   due_jungle_book, layout_cave_pods, minmay_slime_entry_oklob_enclosed,
          gauntlet_entry_generic
Gauntlet: gammafunk_gauntlet_mixed_choke_point
          [minmay_gauntlet_arena_77_squiggly,
          minmay_gauntlet_arena_77_shame_cube,
          minmay_gauntlet_arena_77_block_sizes,
          nicolae_gauntlet_arena_flowing_pool,
          minmay_gauntlet_arena_77_radiant_squares,
          minmay_gauntlet_arena_77_mirror,
          minmay_gauntlet_arena_77_chump_sandwich,
          dreamdust_gauntlet_exit_labyrinth]

Skill      XL: |  1  2  3  4  5  6  7  8  9 10 11 12 13 |
---------------+----------------------------------------+-----
Maces & Flails | 5 6 8 9 10 13 14 15 16 | 16.0
Armour         | 5 7 9 10 12 | 12.3
Dodging        | 5 7 9 10 11 | 11.7
Fighting       | 5 7 8 9 10 | 10.7
Evocations     | 1 5 7 |  7.0
Spellcasting   | |  2.6
Conjurations   | |  3.6

Action                     |  1- 3 |  4- 6 |  7- 9 | 10-12 | 13-15 || total
---------------------------+-------+-------+-------+-------+-------++-------
  Melee: Mace              |    49 |       |       |       |    37 ||    86
         Flail             |     7 |    30 |   154 |    98 |       ||   289
         Punch             |       |     1 |     3 |     6 |       ||    10
         Morningstar       |       |       |       |   384 |   116 ||   500
 Invoke: Oozemancy         |       |       |     1 |       |     1 ||     2
  Evoke: Condenser vane    |       |       |       |       |     1 ||     1
    Use: Scroll            |     2 |     1 |     3 |     6 |     2 ||    14
         Potion            |       |       |       |       |     1 ||     1
 Armour: Leather armour    |    10 |       |       |       |       ||    10
         Ring mail         |     4 |    12 |    65 |    77 |       ||   158
         Scale mail        |       |       |       |   154 |    97 ||   251
  Dodge: Dodged            |    36 |    16 |   100 |   358 |   114 ||   624
  Block: Buckler           |       |       |       |    16 |    31 ||    47

Table legend: (Time is in decaauts)
 A = Elapsed time spent in this place.
 B = Non-inter-level travel time spent in this place.
 C = Inter-level travel time spent in this place.
 D = Time resting spent in this place.
 E = Time spent auto-exploring this place.
 F = Levels seen in this place.
 G = Mean time per level.
                   A        B        C        D        E       F      G
               +--------+--------+--------+--------+--------+-----+--------+
         Total |   5521 |   5268 |    253 |      0 |   3251 |  17 |  324.8 |
       Dungeon |   4486 |   4237 |    249 |      0 |   2896 |  11 |  407.8 |
          Lair |    758 |    754 |      4 |      0 |    355 |   5 |  151.6 |
      Gauntlet |    276 |    276 |      0 |      0 |      0 |   1 |  276.0 |
               +--------+--------+--------+--------+--------+-----+--------+

Top non-repeatable levels by time:
     D:8: 710 daAuts
     D:9: 610 daAuts
     D:5: 531 daAuts
     D:6: 512 daAuts
     D:4: 471 daAuts
     D:2: 354 daAuts
    D:10: 347 daAuts
  Lair:4: 320 daAuts
     D:7: 291 daAuts
Gauntlet: 276 daAuts
     D:3: 269 daAuts
    D:11: 252 daAuts
  Lair:2: 164 daAuts
  Lair:1: 146 daAuts
     D:1: 135 daAuts
